 Dungeon Crawl Stone Soup version 0.31.0-11-ge490571c62 (webtiles) character file.

Game seed: 2723599138102047741

4 SnakkuSnakku7 the Ducker (level 1, -1/14 HPs)
             Began as a Merfolk Air Elementalist on Jan 30, 2024.
             Slain by a gnoll
             ... wielding a +0 whip
              (5 damage)
             ... on level 1 of the Dungeon.
             The game lasted 00:00:28 (169 turns).

SnakkuSnakku7 the Ducker (Merfolk Air Elementalist)  Turns: 169, Time: 00:00:29

Health: -1/14      AC:  2    Str:  8    XL:     1   Next: 60%
Magic:  1/3        EV: 12    Int: 14    God:
Gold:   0          SH:  0    Dex: 14    Spells: 3/4 levels left

rFire   . . .        (no weapon)
rCold   . . .        (no shield)
rNeg    . . .        a - +0 robe
rPois   .            (no helmet)
rElec   .            (no cloak)
rCorr   .            (no gloves)
SInv    .            (no boots)
Will    +....        (no amulet)
Stlth   ++           c - ring of willpower
HPRegen 0.22/turn    (no ring)
MPRegen 0.08/turn

%: no passive effects
@: very slightly contaminated
A: (nimble swimmer 2), mertail
a: no special abilities


You were on level 1 of the Dungeon.
You visited 1 branch of the dungeon, and saw 1 of its levels.

Inventory:

Armour
 a - a +0 robe (worn)
Jewellery
 c - a ring of willpower (left hand)
Potions
 d - a potion of degeneration {unknown}
 e - a potion of curing {unknown}


   Skills:
 + Level 0.7 Fighting
 - Level 2.6 Dodging
 - Level 2.1 Stealth
 + Level 0.7 Unarmed Combat
 - Level 2.0 Spellcasting
 - Level 0.7 Conjurations
 - Level 2.4 Air Magic


You had 3 spell levels left.
You knew the following spells:

 Your Spells              Type           Power      Damage    Failure   Level
a - Shock                 Conj/Air       20%        1d4       13%         1

Your spell library contained the following spells:

 Spells                   Type           Power      Damage    Failure   Level
 Static Discharge         Conj/Air       10%        3-4/arc   19%         2
 Swiftness                Air            8%         N/A       26%         3
 Airstrike                Air            4%         2d(1-17)  65%         4


Dungeon Overview and Level Annotations

Branches:
Dungeon (1/15)

Altars:


Innate Abilities, Weirdness & Mutations

((You are very nimble when in or above water. (Stealth+, EV+, Speed+++)))
Your lower body shifts to a powerful aquatic tail in water.


Message History

Press: ? - help, Q - select action Shift-Dir - straight line The zap misses the gnoll. x2; The zap hits the ball python.
You kill the ball python!
The gnoll hits you with a +0 whip.
Unknown command.
Unknown command.
Aiming: Shock (safe; 13% risk of failure)
Press: ? - help, Q - select action Shift-Dir - straight line You miscast Shock.
You are very lightly contaminated with residual magic.
Nothing appears to happen.
The gnoll hits you with a +0 whip.
Unknown command.
Aiming: Shock (safe; 13% risk of failure)
Press: ? - help, Q - select action Shift-Dir - straight line The zap hits the gnoll.
The gnoll is moderately wounded.
The zap hits the gnoll.
The gnoll is moderately wounded.
The zap hits the giant cockroach.
You kill the giant cockroach!
The gnoll barely misses you.
Unknown command.
Magic courses through your body. The gnoll hits you with a +0 whip.
* * * LOW HITPOINT WARNING * * *
Aiming: Shock (safe; 13% risk of failure)
Press: ? - help, Q - select action Shift-Dir - straight line You miscast Shock.
Nothing appears to happen.
The gnoll misses you.
Unknown command.
Aiming: Shock (safe; 13% risk of failure)
Press: ? - help, Q - select action Shift-Dir - straight line The zap hits the gnoll.
The gnoll is heavily wounded.
The zap hits the gnoll.
The gnoll is severely wounded.
The zap hits the kobold.
You kill the kobold!
The gnoll hits you with a +0 whip.
You die...

### ###.# #.@.# #.#g#
#.#)# #.#.# #.#.# ..#.#
###############.#######
..........B.K.........#
....................#.#


You could see a gnoll.

Vanquished Creatures
  A ball python (D:1)
  A giant cockroach (D:1)
  A hobgoblin (D:1)
  A kobold (D:1)
4 creatures vanquished.

Notes
Turn   | Place    | Note
-------+----------+-------------------------------------------
     0 | D:1      | SnakkuSnakku7 the Merfolk Air Elementalist began the quest
                  | for the Orb.
     0 | D:1      | Reached XP level 1. HP: 13/13 MP: 3/3
   169 | D:1      | Slain by a gnoll

Illustrated notes

Levels and vault maps discovered:
D:1:      minmay_arrival_stair_chambers, layout_basic, serial_shops, shop

Action                     || total
---------------------------++-------
  Melee: Unarmed           ||    13
   Cast: Shock             ||     8
    Use: Potion            ||     1
 Armour: Robe              ||    13
  Dodge: Dodged            ||    15
